SNL (28 & UNDER)
KEY WEST BARRACUDAS @ MONTGOMERY BISCUITS
04/10/2028
 
TOP OF THE 1ST
Key West Barracudas batting - Pitching for Montgomery Biscuits : RHP Steven Browne
Pitching: RHP Steven Browne
Batting: SHB Luis Manuel López 0-0: Called Strike
0-1: Ball
1-1: Foul Ball, location: 2F
1-2: Foul Ball, location: 2F
1-2: Strikes out looking
Batting: SHB Héctor Padilla 0-0: Called Strike
0-1: TRIPLE (Flyball, 89XD)
Batting: RHB Frederick Chamberlain 0-0: Fly out, F3 (Line Drive, 34)
Batting: RHB Anastasio Zartuche 0-0: Ground out 1-3 (Groundball, P)
Top of the 1st over - 0 run(s), 1 hit(s), 0 error(s), 1 left on base; Key West 0 - Montgomery 0
BOTTOM OF THE 1ST
Montgomery Biscuits batting - Pitching for Key West Barracudas : RHP Kade Coleman
Pitching: RHP Kade Coleman
Batting: SHB Lawrence Farley 0-0: Ball
1-0: Ground out 4-3 (Groundball, 4)
Batting: LHB António Fernández 0-0: Swinging Strike
0-1: Ball
1-1: Ball
2-1: Fly out, F7 (Flyball, 7LS)
Batting: RHB Jerry Johnston 0-0: Ball
1-0: Called Strike
1-1: Ball
2-1: Swinging Strike
2-2: Strikes out swinging
Bottom of the 1st over - 0 run(s), 0 hit(s), 0 error(s), 0 left on base; Key West 0 - Montgomery 0
TOP OF THE 2ND
Key West Barracudas batting - Pitching for Montgomery Biscuits : RHP Steven Browne
Batting: RHB Ramón Díaz 0-0: Ball
1-0: Ball
2-0: Foul Ball, location: 2F
2-1: Foul Ball, location: 2F
2-2: SINGLE (Groundball, 6MD)
Batting: SHB Jacob Knapp 0-0: Ball
1-0: Fielders Choice at 2nd, 4-6 (Groundball, 4M)
Batting: SHB Héctor Jiménez 0-0: Ball
Jacob Knapp steals 2nd base
1-0: Ground out U3 (Groundball, 34)
Jacob Knapp to third
Batting: SHB Rodney Birling 0-0: Ball
1-0: Ball
2-0: Called Strike
2-1: Called Strike
2-2: Foul Ball, location: 2F
2-2: Strikes out swinging
Top of the 2nd over - 0 run(s), 1 hit(s), 0 error(s), 1 left on base; Key West 0 - Montgomery 0
BOTTOM OF THE 2ND
Montgomery Biscuits batting - Pitching for Key West Barracudas : RHP Kade Coleman
Batting: RHB Bob McDonald 0-0: Ball
1-0: Foul Ball, location: 2F
1-1: Ball
2-1: Ground out 5-3 (Groundball, 56S)
Batting: SHB Jack Estes 0-0: Called Strike
0-1: Ball
1-1: Fly out, F8 (Line Drive, 8LM)
Batting: RHB Bryant von Bohlen 0-0: SINGLE (Flyball, 78S)
Batting: RHB Rusty Downy 0-0: Fly out, F9 (Flyball, 9)
Bottom of the 2nd over - 0 run(s), 1 hit(s), 0 error(s), 1 left on base; Key West 0 - Montgomery 0
TOP OF THE 3RD
Key West Barracudas batting - Pitching for Montgomery Biscuits : RHP Steven Browne
Batting: RHB Júlio Cruz 0-0: Ground out 5-3 (Groundball, 56)
Batting: SHB Luis Manuel López 0-0: Called Strike
0-1: Ground out 3-1 (Groundball, 34)
Batting: SHB Héctor Padilla 0-0: Called Strike
0-1: Ball
1-1: Ball
2-1: Called Strike
2-2: Strikes out looking
Top of the 3rd over - 0 run(s), 0 hit(s), 0 error(s), 0 left on base; Key West 0 - Montgomery 0
BOTTOM OF THE 3RD
Montgomery Biscuits batting - Pitching for Key West Barracudas : RHP Kade Coleman
Batting: RHB Glen MacDonald 0-0: Ball
1-0: Ball
2-0: DOUBLE (Line Drive, 9LS)
Batting: RHB Dave Roberts 0-0: Swinging Strike
0-1: Ball
1-1: Ball
2-1: Ball
3-1: Foul Ball, location: 2F
3-2: Base on Balls
Batting: SHB Lawrence Farley 0-0: Called Strike
0-1: Called Strike
0-2: Grounds into double play, 4-6-3 (Groundball, 4D)
Glen MacDonald to third
Batting: LHB António Fernández 0-0: Swinging Strike
0-1: Swinging Strike
0-2: Ball
1-2: Ball
2-2: Strikes out looking
Bottom of the 3rd over - 0 run(s), 1 hit(s), 0 error(s), 1 left on base; Key West 0 - Montgomery 0
TOP OF THE 4TH
Key West Barracudas batting - Pitching for Montgomery Biscuits : RHP Steven Browne
Batting: RHB Frederick Chamberlain 0-0: Ball
1-0: Ball
2-0: SINGLE (Groundball, 56D)
Batting: RHB Anastasio Zartuche 0-0: Ball
1-0: Called Strike
1-1: SINGLE (Line Drive, 6D)
Frederick Chamberlain to second
Batting: RHB Ramón Díaz 0-0: Swinging Strike
0-1: Foul Ball, location: 2F
0-2: Fly out, F8 (Flyball, 8RS)
Batting: SHB Jacob Knapp 0-0: Ball
1-0: Called Strike
1-1: Ball
2-1: Ball
3-1: Called Strike
3-2: Base on Balls
Frederick Chamberlain to third
Anastasio Zartuche to second
Batting: SHB Héctor Jiménez 0-0: SINGLE (Groundball, 4MD)
Frederick Chamberlain scores
Anastasio Zartuche to third
Jacob Knapp to second
Batting: SHB Rodney Birling 0-0: Called Strike
0-1: Foul Ball, location: 2F
0-2: Foul Ball, location: 2F
0-2: Ball
1-2: SINGLE (Flyball, 5D)
Anastasio Zartuche scores
Jacob Knapp to third
Héctor Jiménez to second
Pitching: RHP Gabriel Oliuo
Batting: RHB Júlio Cruz 0-0: Foul Ball, location: 2F
0-1: Fly out, F4 (Popup, 3D)
Batting: SHB Luis Manuel López 0-0: Ball
1-0: Foul Ball, location: 2F
1-1: Ball
2-1: Ball
3-1: Base on Balls
Jacob Knapp scores
Héctor Jiménez to third
Rodney Birling to second
Batting: SHB Héctor Padilla 0-0: Called Strike
0-1: Fly out, F9 (Flyball, 9D)
Top of the 4th over - 3 run(s), 4 hit(s), 0 error(s), 3 left on base; Key West 3 - Montgomery 0
BOTTOM OF THE 4TH
Montgomery Biscuits batting - Pitching for Key West Barracudas : RHP Kade Coleman
Batting: RHB Jerry Johnston 0-0: Ball
1-0: Ball
2-0: Ball
3-0: Called Strike
3-1: Foul Ball, location: 2F
3-2: Strikes out swinging
Batting: RHB Bob McDonald 0-0: Called Strike
0-1: Ground out 4-3 (Groundball, 4)
Batting: SHB Jack Estes 0-0: Ball
1-0: Ball
2-0: Called Strike
2-1: Ball
3-1: Swinging Strike
3-2: Base on Balls
Batting: RHB Bryant von Bohlen 0-0: Ball
Jack Estes steals 2nd base
1-0: Called Strike
1-1: Swinging Strike
1-2: Strikes out swinging
Bottom of the 4th over - 0 run(s), 0 hit(s), 0 error(s), 1 left on base; Key West 3 - Montgomery 0
TOP OF THE 5TH
Key West Barracudas batting - Pitching for Montgomery Biscuits : RHP Gabriel Oliuo
Batting: RHB Frederick Chamberlain 0-0: Foul Ball, location: 2F
0-1: Ball
1-1: Called Strike
1-2: Foul Ball, location: 2F
1-2: SINGLE (Groundball, 34D)
Batting: RHB Anastasio Zartuche 0-0: Ball
1-0: Called Strike
1-1: SINGLE (Line Drive, 6M)
Frederick Chamberlain to second
Batting: RHB Ramón Díaz 0-0: Ball
1-0: Called Strike
1-1: Foul Ball, location: 2F
1-2: Foul Ball, location: 2F
1-2: Ball
2-2: Foul Ball, location: 2F
2-2: Ball
3-2: Fly out, F9 (Flyball, 9S)
Lined into DP, 9-6 (Flyball, 9S)
Batting: SHB Jacob Knapp 0-0: Ball
1-0: Swinging Strike
1-1: Foul Ball, location: 2F
1-2: Foul Ball, location: 2F
1-2: Ball
2-2: Strikes out swinging
Top of the 5th over - 0 run(s), 2 hit(s), 0 error(s), 1 left on base; Key West 3 - Montgomery 0
BOTTOM OF THE 5TH
Montgomery Biscuits batting - Pitching for Key West Barracudas : RHP Kade Coleman
Batting: RHB Rusty Downy 0-0: Called Strike
0-1: Called Strike
0-2: Strikes out swinging
Batting: RHB Glen MacDonald 0-0: Called Strike
0-1: Ground out 4-3 (Groundball, 4S)
Batting: RHB Dave Roberts 0-0: Called Strike
0-1: Ball
1-1: Foul Ball, location: 2F
1-2: Ball
2-2: Ground out 1-3 (Groundball, 13S)
Bottom of the 5th over - 0 run(s), 0 hit(s), 0 error(s), 0 left on base; Key West 3 - Montgomery 0
TOP OF THE 6TH
Key West Barracudas batting - Pitching for Montgomery Biscuits : RHP Gabriel Oliuo
Batting: SHB Héctor Jiménez 0-0: Foul Ball, location: 2F
0-1: Ball
1-1: Ball
2-1: Foul Ball, location: 2F
2-2: Foul Ball, location: 2F
2-2: Ball
3-2: Strikes out swinging
Batting: SHB Rodney Birling 0-0: Called Strike
0-1: Ball
1-1: Ground out 4-3 (Groundball, 4M)
Batting: RHB Júlio Cruz 0-0: Ball
1-0: SINGLE (Groundball, 56D)
Batting: SHB Luis Manuel López 0-0: Ball
1-0: Foul Ball, location: 2F
1-1: Ball
2-1: Foul Ball, location: 2F
2-2: Foul Ball, location: 2F
2-2: Strikes out swinging
Top of the 6th over - 0 run(s), 1 hit(s), 0 error(s), 1 left on base; Key West 3 - Montgomery 0
BOTTOM OF THE 6TH
Montgomery Biscuits batting - Pitching for Key West Barracudas : RHP Kade Coleman
Pitching: RHP Gabe Lewis
Batting: SHB Lawrence Farley 0-0: Called Strike
0-1: Ground out 4-3 (Groundball, 4)
Batting: LHB António Fernández 0-0: Ball
1-0: Ball
2-0: Called Strike
2-1: Ground out 1-3 (Groundball, 15S)
Batting: RHB Jerry Johnston 0-0: Ground out 6-3 (Groundball, 56D)
Bottom of the 6th over - 0 run(s), 0 hit(s), 0 error(s), 0 left on base; Key West 3 - Montgomery 0
TOP OF THE 7TH
Key West Barracudas batting - Pitching for Montgomery Biscuits : RHP Gabriel Oliuo
Batting: SHB Héctor Padilla 0-0: Called Strike
0-1: Foul Ball, location: 2F
0-2: DOUBLE (Line Drive, 8RD)
Batting: RHB Frederick Chamberlain 0-0: Ball
1-0: Called Strike
1-1: Ball
2-1: Ball
3-1: Base on Balls
Batting: RHB Anastasio Zartuche 0-0: Ball
1-0: Called Strike
1-1: Ball
2-1: Ball
3-1: Foul Ball, location: 2F
3-2: Strikes out swinging
Pitching: RHP Jorge Gonzáles
Batting: RHB Ramón Díaz 0-0: Ball
1-0: Called Strike
1-1: Ball
2-1: Swinging Strike
2-2: Ball
3-2: Base on Balls
Héctor Padilla to third
Frederick Chamberlain to second
Pinch Hitting: LHB Mauro Díaz 0-0: Foul Ball, location: 2F
0-1: Ball
1-1: Foul Ball, location: 2F
1-2: Ball
2-2: Foul Ball, location: 2F
2-2: Foul Ball, location: 2F
2-2: Ball
3-2: Fly out, F7 (Line Drive, 7)
Runner from 3rd tags up, SCORES, no throw
Batting: SHB Héctor Jiménez 0-0: Ball
1-0: Ball
2-0: Called Strike
2-1: Ball
3-1: Base on Balls
Frederick Chamberlain to third
Ramón Díaz to second
Batting: SHB Rodney Birling 0-0: Ball
1-0: Ball
2-0: Ball
3-0: Base on Balls
Frederick Chamberlain scores
Ramón Díaz to third
Héctor Jiménez to second
Batting: RHB Júlio Cruz 0-0: Ball
1-0: Swinging Strike
1-1: Ball
2-1: Ball
3-1: Called Strike
3-2: Strikes out looking
Top of the 7th over - 2 run(s), 1 hit(s), 0 error(s), 3 left on base; Key West 5 - Montgomery 0
BOTTOM OF THE 7TH
Montgomery Biscuits batting - Pitching for Key West Barracudas : RHP Gabe Lewis
Now in RF: Juan Acotia
Batting: RHB Bob McDonald 0-0: Ball
1-0: Foul Ball, location: 2F
1-1: Swinging Strike
1-2: Strikes out swinging
Batting: SHB Jack Estes 0-0: Ball
1-0: Ball
2-0: Foul Ball, location: 2F
2-1: Fly out, F7 (Flyball, 7S)
Batting: RHB Bryant von Bohlen 0-0: SINGLE (Groundball, 34D)
Batting: RHB Rusty Downy 0-0: Called Strike
0-1: Ball
1-1: Called Strike
1-2: Foul Ball, location: 2F
1-2: Foul Ball, location: 2F
1-2: Ball
2-2: Ball
3-2: Foul Ball, location: 2F
3-2: Base on Balls
Bryant von Bohlen to second
Batting: RHB Glen MacDonald 0-0: Fly out, F9 (Flyball, 9)
Bottom of the 7th over - 0 run(s), 1 hit(s), 0 error(s), 2 left on base; Key West 5 - Montgomery 0
TOP OF THE 8TH
Key West Barracudas batting - Pitching for Montgomery Biscuits : RHP Jorge Gonzáles
Batting: SHB Luis Manuel López 0-0: Foul Ball, location: 2F
0-1: Ball
1-1: Foul Ball, location: 2F
1-2: Strikes out swinging
Pitching: LHP Orlando Costa
Batting: SHB Héctor Padilla 0-0: Foul Ball, location: 2F
0-1: Foul Ball, location: 2F
0-2: Ball
1-2: Ball
2-2: Strikes out swinging
Batting: RHB Frederick Chamberlain 0-0: Ball
1-0: Ball
2-0: Called Strike
2-1: Ball
3-1: Called Strike
3-2: Strikes out looking
Top of the 8th over - 0 run(s), 0 hit(s), 0 error(s), 0 left on base; Key West 5 - Montgomery 0
BOTTOM OF THE 8TH
Montgomery Biscuits batting - Pitching for Key West Barracudas : RHP Gabe Lewis
Now at 2B: Richard Sanders
Batting: RHB Dave Roberts 0-0: Fly out, F8 (Line Drive, 8LM)
Batting: SHB Lawrence Farley 0-0: Foul Ball, location: 2F
0-1: Foul Ball, location: 2F
0-2: Strikes out swinging
Batting: LHB António Fernández 0-0: Ball
1-0: Ball
2-0: Ball
3-0: Called Strike
3-1: Base on Balls
Batting: RHB Jerry Johnston 0-0: Foul Ball, location: 2F
0-1: Swinging Strike
0-2: Ball
1-2: Strikes out swinging
Bottom of the 8th over - 0 run(s), 0 hit(s), 0 error(s), 1 left on base; Key West 5 - Montgomery 0
TOP OF THE 9TH
Key West Barracudas batting - Pitching for Montgomery Biscuits : LHP Orlando Costa
Batting: RHB Anastasio Zartuche 0-0: Ball
1-0: Called Strike
1-1: Called Strike
1-2: Ball
2-2: Strikes out swinging
Batting: RHB Ramón Díaz 0-0: Ball
1-0: Ball
2-0: Foul Ball, location: 2F
2-1: Foul Ball, location: 2F
2-2: Foul Ball, location: 2F
2-2: Ground out 5-3 (Groundball, 56)
Batting: LHB Juan Acotia 0-0: Fly out, F8 (Line Drive, 8LS)
Top of the 9th over - 0 run(s), 0 hit(s), 0 error(s), 0 left on base; Key West 5 - Montgomery 0
BOTTOM OF THE 9TH
Montgomery Biscuits batting - Pitching for Key West Barracudas : RHP Gabe Lewis
Batting: RHB Bob McDonald 0-0: Called Strike
0-1: Foul Ball, location: 2F
0-2: Ball
1-2: Foul Ball, location: 2F
1-2: Strikes out swinging
Batting: SHB Jack Estes 0-0: Ball
1-0: Called Strike
1-1: Called Strike
1-2: Foul Ball, location: 2F
1-2: Ball
2-2: Ball
3-2: Strikes out swinging
Batting: RHB Bryant von Bohlen 0-0: Foul Ball, location: 2F
0-1: Ball
1-1: Called Strike
1-2: Ball
2-2: Ball
3-2: Foul Ball, location: 2F
3-2: Strikes out looking
Bottom of the 9th over - 0 run(s), 0 hit(s), 0 error(s), 0 left on base; Key West 5 - Montgomery 0
Tuesday, August 8th, 2017 - OOTP Baseball 17.12 Build 75